 Dungeon Crawl Stone Soup version 0.29-a0-575-g0dc89cf053 (webtiles) character file.

Game seed: 18091276695453130261

45 DocClef the Covert (level 3, 0/35 HPs)
             Began as a Gnoll Delver on June 12, 2022.
             Was an Initiate of Okawaru.
             Slain by an orc
             ... wielding a +0 falchion
              (5 damage)
             ... on level 4 of the Dungeon.
             The game lasted 00:01:15 (782 turns).

DocClef the Covert (Gnoll Delver)                    Turns: 782, Time: 00:01:15

Health: 0/35       AC:  3    Str: 11    XL:     3   Next: 64%
Magic:  4/4        EV: 13    Int:  9    God:    Okawaru [......]
Gold:   41         SH:  0    Dex: 15    Spells: 3/3 levels left

rFire   + . .      SeeInvis .   l - +1 flail (venom)
rCold   . . .      Faith    .   (no shield)
rNeg    . . .      Spirit   .   b - +0 leather armour
rPois   .          Reflect  .   (no helmet)
rElec   .          Harm     .   (no cloak)
rCorr   .          Rampage  .   (no gloves)
Will    .....                   (no boots)
Stlth   ++++......              (no amulet)
HPRegen 0.11/turn               k - ring of protection from fire
MPRegen 0.09/turn               (no ring)

@: no status effects
A: fangs 1, strong nose, distributed training
a: Renounce Religion


You were on level 4 of the Dungeon.
You worshipped Okawaru.
Okawaru was noncommittal.
You visited 2 branches of the dungeon, and saw 3 of its levels.

You collected 41 gold pieces.

Inventory:

Hand Weapons
 a - a +0 short sword
 l - a +1 flail of venom (weapon)
Armour
 b - a +0 leather armour (worn)
Jewellery
 k - a ring of protection from fire (left hand)
Wands
 g - a wand of digging (3)
 h - a wand of acid (13)
Scrolls
 c - a scroll of fog
 d - a scroll of magic mapping
 e - 2 scrolls of fear
 i - a scroll of teleportation {unknown}
 j - a scroll of identify {unknown}
Potions
 f - a potion of haste


   Skills:
 + Level 6.5 Fighting
 + Level 4.5 Short Blades
 + Level 0.9 Long Blades
 + Level 0.9 Axes
 + Level 0.9 Maces & Flails
 + Level 0.9 Polearms
 + Level 0.9 Staves
 + Level 0.9 Slings
 + Level 0.9 Bows
 + Level 0.9 Crossbows
 + Level 0.9 Throwing
 + Level 0.9 Armour
 + Level 4.5 Dodging
 + Level 9.6 Stealth
 + Level 0.9 Shields
 + Level 0.9 Unarmed Combat
 + Level 0.9 Spellcasting
 + Level 0.6 Conjurations
 + Level 0.6 Hexes
 + Level 0.6 Summonings
 + Level 0.6 Necromancy
 + Level 0.6 Translocations
 + Level 0.6 Transmutations
 + Level 0.6 Fire Magic
 + Level 0.6 Ice Magic
 + Level 0.6 Air Magic
 + Level 0.6 Earth Magic
 + Level 0.6 Poison Magic
 + Level 1.0 Invocations
 + Level 0.9 Evocations


You had 3 spell levels left.
You didn't know any spells.
Your spell library was empty.

Dungeon Overview and Level Annotations

Branches:
Dungeon (5/15)             Temple (1/1) D:4

Altars:
Fedhas
Gozag
Hepliaklqana
Kikubaaqudgha
Makhleb
Okawaru
Ru
Vehumet
Wu Jian
Yredelemnul
Zin
The Shining One


Innate Abilities, Weirdness & Mutations

You have very sharp teeth.
Your uncanny sense of smell can sniff out nearby items.
Your experience applies equally to all skills.


Message History

You can't go down here!
You climb upwards.
The orc closely misses you. The orc barely misses you.
There is a staircase to the Ecumenical Temple here.
You sock the orc!
You kill the orc!
Okawaru accepts your kill.
No target in view!
No target in view!
No target in view!
There is an open door here.
No target in view!
The orc shouts!
You hit the orc but do no damage.
The orc is poisoned.
Your bite misses the orc.
You hear a shout!
The orc hits you with a +0 mace.
A worm comes into view.
You thump the orc!
You kill the orc!
Okawaru accepts your kill.
You barely miss the worm. The worm closely misses you.
You barely miss the worm. You bite the worm, but do no damage.
The worm misses you.
You barely miss the worm. The worm bites you!
The orc drinks a potion.
The orc flickers and vanishes!
Deactivating autopickup; reactivate with Ctrl-A.
You hit the worm.
The worm is poisoned.
The worm is moderately wounded.
Something hits you but does no damage. The worm bites you!
You are too injured to fight recklessly!
You barely miss something. Something hits you. The worm bites you.
Something hits you.
* * * LOW HITPOINT WARNING * * *
The worm completely misses you.
Found 2 lumpy grey potions.
Found a stone staircase leading down.
You barely miss something. You bite something. Something hits you.
* * * LOW HITPOINT WARNING * * *
Something hits you.
You die...

.....#...)...#.#......
.....#...>...'..##
.....#.......##..####..
.....#.......##.)......
.....####'#####..###..#
..........# #....# ..
...#...#### #.w###..##
######## ##........
#@#.#..#. >.......#.# #
#######.# # #.. #.#
#.#∆ ∆ !.# ...


You could see a worm (very poisoned).

Vanquished Creatures
  A hound (D:5)
  6 orcs
  A hobgoblin (D:4)
8 creatures vanquished.

Notes
Turn   | Place    | Note
-------+----------+-------------------------------------------
     0 | D:5      | Reached skill level 9 in Stealth
     0 | D:5      | DocClef the Gnoll Delver began the quest for the Orb.
     0 | D:5      | Reached XP level 1. HP: 23/23 MP: 1/1
    36 | D:5      | Found a glowing silver altar of Zin.
    36 | D:5      | Found a burning altar of Makhleb.
    37 | D:5      | Noticed a cacodemon
    37 | D:5      | Noticed an angel
    71 | D:5      | Noticed a hound
    78 | D:5      | Killed a hound
    79 | D:5      | Reached XP level 2. HP: 29/29 MP: 1/3
    79 | D:5      | Reached XP level 3. HP: 35/35 MP: 1/4
   116 | D:5      | Noticed a necrophage
   133 | D:4      | Found an ornate altar of the Wu Jian Council.
   317 | D:4      | Reached skill level 1 in Invocations
   633 | D:4      | Found a staircase to the Ecumenical Temple.
   647 | Temple   | Entered the Ecumenical Temple
   734 | Temple   | Became a worshipper of Warmaster Okawaru
   782 | D:4      | Slain by an orc

Illustrated notes

Levels and vault maps discovered:
D:4:      layout_rooms, nicolae_overflow_hidden_temple,
          mainiacjoe_overflow_small_starburst, temple_green,
          minmay_misc_feat_nine_boxes, hangedman_abyss_or_decor_stagger,
          corexii_checkpoint_a, lemuel_old_faithful
D:5:      wad_lake_hut, layout_basic, grunt_temple_overflow_order_and_chaos_2,
          nicolae_inconvenience_store
Temple:   compressed_dpeg_triangle_lava_temple

Skill      XL: |  1  2  3 |
---------------+----------+-----
Stealth        | |  9.6
Invocations    | 1 |  1.0
Fighting       | |  6.5
Short Blades   | |  4.5
Long Blades    | |  0.9
Axes           | |  0.9
Maces & Flails | |  0.9
Polearms       | |  0.9
Staves         | |  0.9
Slings         | |  0.9
Bows           | |  0.9
Crossbows      | |  0.9
Throwing       | |  0.9
Armour         | |  0.9
Dodging        | |  4.5
Shields        | |  0.9
Unarmed Combat | |  0.9
Spellcasting   | |  0.9
Conjurations   | |  0.6
Hexes          | |  0.6
Summonings     | |  0.6
Necromancy     | |  0.6
Translocations | |  0.6
Transmutations | |  0.6
Fire Magic     | |  0.6
Ice Magic      | |  0.6
Air Magic      | |  0.6
Earth Magic    | |  0.6
Poison Magic   | |  0.6
Evocations     | |  0.9

Action                   || total
-------------------------++-------
Melee: Short sword       ||    31
       Flail             ||     9
       Bite              ||     4
       Punch             ||     1
 Stab: Sleeping          ||     1
Armor: Leather armour    ||     2
Dodge: Dodged            ||    26

Table legend: (Time is in decaauts)
 A = Elapsed time spent in this place.
 B = Non-inter-level travel time spent in this place.
 C = Inter-level travel time spent in this place.
 D = Time resting spent in this place.
 E = Time spent auto-exploring this place.
 F = Levels seen in this place.
 G = Mean time per level.
                   A        B        C        D        E       F      G
               +--------+--------+--------+--------+--------+-----+--------+
         Total |    783 |    773 |     10 |    331 |    184 |   3 |  261.0 |
       Dungeon |    669 |    659 |     10 |    331 |    183 |   2 |  334.5 |
        Temple |    113 |    113 |      0 |      0 |      1 |   1 |  113.0 |
               +--------+--------+--------+--------+--------+-----+--------+

Top non-repeatable levels by time:
     D:4: 501 daAuts
     D:5: 167 daAuts
  Temple: 113 daAuts
